 Dungeon Crawl Stone Soup version 0.27.0-1-g7a089689b8 (webtiles) character file.

Game seed: 7949011336454153394

56 Froggeryz the Caller (level 3, -7/29 HPs)
             Began as a Demigod Summoner on Aug 1, 2021.
             Mangled by an orc (9 damage)
             ... on level 3 of the Dungeon.
             The game lasted 00:04:17 (3764 turns).

Froggeryz the Caller (Demigod Summoner)             Turns: 3764, Time: 00:04:18

Health: -7/29      AC:  3    Str:  9    XL:     3   Next: 48%
Magic:  3/8        EV: 12    Int: 21    God:
Gold:   171        SH:  0    Dex: 14    Spells: 4/5 levels left

rFire    . . .     SeeInvis .   f - +0 whip
rCold    . . .     Faith    .   (no shield)
rNeg     . . .     Spirit   .   a - +0 robe
rPois    .         Reflect  .   m - +0 helmet
rElec    .         Harm     .   (no cloak)
rCorr    .         Rampage  .   (no gloves)
Will     .....                  (no boots)
Stlth    ++........             (no amulet)
HPRegen  0.09/turn              (no ring)
MPRegen  0.11/turn              (no ring)

@: attractive, flying
A: high mp 1, forlorn
a: no special abilities


You were on level 3 of the Dungeon.
You visited 1 branch of the dungeon, and saw 3 of its levels.

You collected 171 gold pieces.

Inventory:

Hand Weapons
 f - a +0 whip (weapon)
Missiles
 j - 11 poisoned darts (quivered)
Armour
 a - a +0 robe (worn)
 m - a +0 helmet (worn)
Wands
 l - a wand of mindburst (9)
Scrolls
 d - a scroll of fear {unknown}
 e - 2 scrolls of enchant armour {unknown}
 h - a scroll of identify {unknown}
 i - a scroll of enchant weapon {unknown}
 k - a scroll of teleportation {unknown}


   Skills:
 - Level 2.0 Fighting
 + Level 2.0 Armour
 - Level 2.0 Dodging
 - Level 1.7 Stealth
 - Level 1.7 Spellcasting
 - Level 3.6 Summonings


You had 4 spell levels left.
You knew the following spells:

 Your Spells              Type           Power      Damage    Failure   Level
a - Summon Small Mammal   Summ           64%        N/A       3%          1

Your spell library contained the following spells:

 Spells                   Type           Power      Damage    Failure   Level
 Call Imp                 Summ           16%        N/A       5%          2
 Call Canine Familiar     Summ           16%        N/A       11%         3
 Summon Guardian Golem    Hex/Summ       9%         N/A       22%         3
 Summon Lightning Spire   Summ/Air       9%         N/A       58%         4


Dungeon Overview and Level Annotations

Branches:
Dungeon (3/15)


Innate Abilities, Weirdness & Mutations

Your attributes grow dramatically as you level up.
You have an increased reservoir of magic. (+10% MP)
You shall have no god before yourself.


Message History

The orc is severely wounded.
Your bat hits the orc. The orc barely misses your quokka.
The orc priest invokes the aid of Beogh against you.
Pain shoots through your body!
* * * LOW HITPOINT WARNING * * *
Your quokka barely misses the orc.
It was a potion of attraction.
You feel attractive to monsters.
Your bat barely misses the orc.
The orc hits your quokka with a +0 flail.
Your quokka bites the orc.
The orc is pulled toward you! x2
It was a potion of flight.
You feel very buoyant.
You fly up into the air.
Your bat barely misses the orc.
The orc closely misses your quokka.
Your quokka bites the orc but does no damage.
The orc priest calls upon Beogh to heal the orc.
The orc's wounds heal themselves!
The orc closely misses you. The orc is pulled toward you!
It was a potion of curing.
You feel better.
Your bat hits the orc.
The orc dies!
Your quokka closely misses the orc.
The orc closely misses your quokka. The orc priest hits you with a +0 whip.
* * * LOW HITPOINT WARNING * * *
The orc hits you with a +0 club.
* * * LOW HITPOINT WARNING * * *
Your quokka bites the orc.
Your Armour skill increases to level 2!
The orc hits your quokka with a +0 flail.
Your quokka dies!
Your quokka's corpse disappears in a puff of smoke!
The orc is pulled toward you!
There is a fountain of sparkling water here.
Things that are here:
a +0 short sword; an orc corpse
Okay, then.
You aren't carrying any potions.
Your bat completely misses the orc.
Your bat hits the orc. The orc hits you with a +0 flail!
You die...

#.........>##...#
#.......#######.#
#.......# #.# ...
#.......# #.# .o.
#.......# ###.# #o#
#...†...# #...#
#.###.......# #.###
...)......### #.#
#.###..@..#######.#
#.# #.ooo.........#
#o###......#####..#
#oo.#.).b..#####..#
###...............#
###.####.#####.##
#.# #.#####.# ..#
#.......# ####
#########


You could see an orc priest, 2 orcs and a friendly bat (summoned).

Vanquished Creatures
  An orc (D:3)
  3 ball pythons
  2 bats
  3 endoplasms
  A hobgoblin (D:3)
  4 jackals
  3 kobolds
  A frilled lizard (D:2)
  2 goblins
  3 rats
23 creatures vanquished.

Vanquished Creatures (collateral kills)
  2 gnolls
  A dart slug (D:1)
  An orc (D:3)
  2 endoplasms
  A hobgoblin (D:1)
  5 jackals
  4 kobolds (D:1)
  A quokka (D:3)
  4 ball pythons (D:1)
  6 bats
  A frilled lizard (D:3)
  2 rats (D:1)
30 creatures vanquished.

Grand Total: 53 creatures vanquished

Notes
Turn   | Place    | Note
-------+----------+-------------------------------------------
     0 | D:1      | Froggeryz the Demigod Summoner began the quest for the Orb.
     0 | D:1      | Reached XP level 1. HP: 14/14 MP: 5/5
   385 | D:1      | Reached skill level 1 in Fighting
   557 | D:1      | Reached XP level 2. HP: 12/23 MP: 4/7
  1128 | D:1      | Reached skill level 1 in Armour
  2930 | D:2      | Reached XP level 3. HP: 27/29 MP: 8/8
  3759 | D:3      | HP: 1/29 [orc priest/nerve-wracking pain (12)]
  3764 | D:3      | Mangled by an orc

Illustrated notes

Levels and vault maps discovered:
D:1:      heliophobic_arrival_battle_scene, layout_loops_ring,
          shapermc_ecumenical_altar_mp_urbaneastern
D:2:      minmay_chambers_of_ones, layout_loops_cross
D:3:      layout_loops_cross, mainiacjoe_overflow_alcove_2, solitary_fountain,
          grunt_decor_resistance, minmay_misc_feat_encased

Skill      XL: |  1  2  3 |
---------------+----------+-----
Dodging        | 2 |  2.0
Fighting       | 1 2 |  2.0
Armour         | 1 2 |  2.0
Stealth        | |  1.7
Spellcasting   | |  1.7
Summonings     | |  3.6

Action                   || total
-------------------------++-------
Melee: Unarmed           ||     8
       Dagger            ||     3
       Whip              ||    99
       Short sword       ||     5
Throw: Dart              ||     4
 Cast: Summon Small Mamm ||    81
  Use: Potion            ||     3
 Stab: Sleeping          ||     1
Armor: Robe              ||    34
Dodge: Dodged            ||   100
